Eagles vs Thunderbirds (R1)

Created - March 5, 2022 at 23:19

Goals
1 2 3 OT1 SO T
Eagles 3 0 0 0 4 3
Thunderbirds 1 0 2 0 5 4
Shots
1 2 3 OT1 SO T
Eagles 16 7 3 2 10 28
Thunderbirds 10 5 14 0 10 29

1st period

1. Eagles , Drake Caggiula 12 (Tomas Tatar 12, Dmitrij Jaskin 17) at 3:20
2. Eagles , Anthony Duclair 9 (Zach Aston-Reese 9, John Ramage 15) at 7:02
3. Eagles , Anthony Duclair 10 (Ryan Murphy 7) at 14:42
4. Thunderbirds , Mitchell Heard 12 (Elias Lindholm 22, Viktor Baldayev 6) at 17:38

Penalties :
Griffin Reinhart (Spr) for Tripping (Minor) at 11:18

2nd period

No Goal

Penalties :
Quinton Howden (Spr) for Hooking (Minor) at 0:09, Tom Kuhnhackl (Spr) for Tripping (Minor) at 14:09, Tomas Tatar (Col) for Elbowing (Minor) at 14:30, Xavier Ouellet (Col) for Tripping (Minor) at 17:25

3rd period

5. Thunderbirds , Valentin Zykov 27 (Griffin Reinhart 27, Niklas Hansson 23) at 3:32 (PP)
6. Thunderbirds , Clayton Keller 5 (Tanner Laczynski 5, Hudson Fasching 9) at 15:09

Penalties :
Dmitrij Jaskin (Col) for Interference (Minor) at 0:12, Tyler Motte (Col) for Hooking (Minor) at 3:12, Artur Kayumov (Spr) for Hooking (Minor) at 7:10, Anthony Duclair (Col) for Roughing (Minor) at 12:54, Drake Caggiula (Col) for Tripping (Minor) at 16:51, Dmitrij Jaskin (Col) for Tripping (Minor) at 19:35

Overtime #1

No Goal

Penalties :
Mitchell Heard (Spr) for Hooking (Minor) at 4:43

Shootout

Eagles, Tomas Tatar - Stopped by Igor Bobkov
Thunderbirds, Tanner Laczynski - Goal!
Eagles, Dmitrij Jaskin - Shot Misses the Net
Thunderbirds, Tom Kuhnhackl - Shot Misses the Net
Eagles, Nick Cousins - Goal!
Thunderbirds, Quinton Howden - Stopped by Marek Mazanek
Eagles, Joseph Blandisi - Stopped by Igor Bobkov
Thunderbirds, Elias Lindholm - Shot Misses the Net
Eagles, Drake Caggiula - Goal!
Thunderbirds, Valentin Zykov - Goal!
Eagles, Anthony Duclair - Goal!
Thunderbirds, Jerry D'Amigo - Goal!
Eagles, Jared McCann - Stopped by Igor Bobkov
Thunderbirds, Michal Jordan - Shot Misses the Net
Eagles, Pius Suter - Goal!
Thunderbirds, Hudson Fasching - Goal!
Eagles, Zach Aston-Reese - Stopped by Igor Bobkov
Thunderbirds, Kirill Kaprizov - Stopped by Marek Mazanek
Eagles, Jarred Tinordi - Stopped by Igor Bobkov
Thunderbirds, Artur Kayumov - Goal!

Penalties :
No Penalty

Goalie Stats

Marek Mazanek (Col), 26 saves from 29 shots - (0.897), OTL, 19-6-3, 65:00 minutes
Igor Bobkov (Spr), 25 saves from 28 shots - (0.893), W, 8-6-1, 65:00 minutes

Players Stats for Eagles

Player Name              G  A  P  +/- PIM S  H  SB GA TA FO     MP     PP MP  PK MP  
------------------------------------------------------------------------------------
Anthony Duclair          2  0  2   1  2   4  1  0  0  0  0/0    15:09   0:32   1:57 
Connor Carrick           0  0  0  -1  0   0  1  0  0  0  0/0    10:29   0:21   0:07 
Dmitrij Jaskin           0  1  1   1  4   3  1  0  2  0  0/0    18:07   3:27   0:00 
Drake Caggiula           1  0  1   1  2   3  2  0  0  0  18/39  25:24   3:32   4:38 
Jared McCann             0  0  0  -1  0   3  1  3  0  0  6/12   19:33   2:22   4:22 
Jarred Tinordi           0  0  0   0  0   2  0  3  1  0  0/0    27:42   4:05   6:52 
John Ramage              0  1  1   1  0   1  1  0  0  1  0/0    21:24   2:13   3:44 
Jonathan Racine          0  0  0   0  0   0  2  0  0  0  0/0     9:39   0:00   0:00 
Joseph Blandisi          0  0  0   0  0   1  3  0  0  0  0/1    16:46   2:22   2:01 
Matteson Iacopelli       0  0  0   2  0   0  0  0  1  0  0/0    10:13   0:29   0:00 
Max Lajoie               0  0  0   0  0   0  0  0  0  0  0/0     6:15   0:00   0:00 
Nick Cousins             0  0  0   0  0   2  0  0  1  0  1/1    13:22   2:22   0:00 
Pius Suter               0  0  0  -1  0   0  1  1  0  0  0/0     7:17   0:00   0:00 
Ryan Murphy              0  1  1   1  0   3  0  0  0  0  0/0    21:24   2:13   3:44 
Sam Steel                0  0  0  -1  0   0  1  0  0  0  0/0     7:17   0:00   0:00 
Stefan Elliott           0  0  0   0  0   2  2  2  0  1  0/0    27:42   4:05   6:52 
Tomas Tatar              0  1  1   1  2   3  2  2  2  1  2/2    24:09   3:26   4:56 
Tyler Motte              0  0  0  -1  2   1  1  0  0  0  2/2     9:34   0:00   1:22 
Xavier Ouellet           0  0  0   0  2   0  0  0  1  0  0/0     6:31   0:00   0:00 
Zach Aston-Reese         0  1  1   2  0   0  0  0  0  0  4/4     9:42   0:00   0:14 

Players Stats for Thunderbirds

Player Name              G  A  P  +/- PIM S  H  SB GA TA FO     MP     PP MP  PK MP  
------------------------------------------------------------------------------------
Artur Kayumov            0  0  0   0  2   1  0  0  0  0  0/1    10:35   0:00   0:00 
Clayton Keller           1  0  1   0  0   2  1  0  0  0  0/0     8:06   0:00   0:00 
Elias Lindholm           0  1  1   0  0   2  2  1  0  0  7/11   24:29   4:18   1:59 
Griffin Reinhart         0  1  1  -1  2   3  3  0  0  1  0/0    27:52   4:08   1:45 
Hudson Fasching          0  1  1  -1  0   0  0  0  0  1  0/0    13:52   0:03   1:07 
Jake Walman              0  0  0  -1  0   0  1  1  0  0  0/0    13:33   0:00   0:41 
Jerry D'Amigo            0  0  0   0  0   0  1  0  0  0  1/1    16:43   4:40   0:00 
John Draeger             0  0  0   0  0   1  0  1  0  0  0/0    25:14   4:53   4:08 
Kirill Kaprizov          0  0  0   0  0   3  0  0  1  0  0/2    24:59   4:23   1:59 
Matt Puempel             0  0  0  -1  0   0  0  0  0  0  0/0     1:12   0:00   0:00 
Michal Jordan            0  0  0   0  0   1  3  3  0  0  0/0    23:31   4:53   2:26 
Mitchell Heard           1  0  1   0  2   1  1  0  0  0  2/5    12:25   0:00   0:38 
Niklas Hansson           0  1  1  -1  0   2  3  3  0  4  0/0    30:47   4:08   4:08 
Quinton Howden           0  0  0   0  2   4  4  0  1  0  16/36  22:04   4:37   2:47 
Tanner Laczynski         0  1  1   0  0   3  0  0  1  0  1/3     8:52   0:29   0:05 
Tom Kuhnhackl            0  0  0   0  2   1  1  0  0  0  1/2    17:26   4:18   3:09 
Valentin Zykov           1  0  1   0  0   5  3  0  0  0  0/0    19:36   4:15   1:08 
Viktor Baldayev          0  1  1   0  0   0  0  0  0  2  0/0    10:27   0:00   0:00 

3 Stars

1 - Anthony Duclair (Col)
2 - Valentin Zykov (Spr)
3 - Clayton Keller (Spr)

Power Play

Eagles - 0 on 5 Attempt(s) - 0.00%
Thunderbirds - 1 on 7 Attempt(s) - 14.29%

Penalty Kill

Eagles - 6 on 7 Attempt(s) - 85.71% - Score 0 goal in Penalty Kill
Thunderbirds - 5 on 5 Attempt(s) - 100.00% - Score 0 goal in Penalty Kill

Team Stat

Eagles - Hits : 19 - Faceoff Wins : 33 - Blocked Shots : 11 - Penalty Minutes : 14
Thunderbirds - Hits : 23 - Faceoff Wins : 28 - Blocked Shots : 9 - Penalty Minutes : 10

Official

Referees : Brandon Blandina and Graham Skilliter
Linesman : Shandor Alphonso and Michel Cormier

Game Notes

Matt Puempel is injured at 4:24 of 1st period (Right Knee)

Finance

Level 1 -- Attendance: 2000 (100.00%) -- Ticket Income $70,000
Level 2 -- Attendance: 1000 (100.00%) -- Ticket Income $15,000
Total Attendance: 3000 (100.00%)
Total Ticket Income: $85,000
Other Income: $4,250
Total Income: $89,250

Eagles

5 vs 5 Forward 
   Center                   Left Wing                Right Wing               Time % Phy DF OF 
 1 Drake Caggiula           Tomas Tatar              Dmitrij Jaskin           40     1   2  2  
 2 Jared McCann             Joseph Blandisi          Nick Cousins             30     1   2  2  
 3 Zach Aston-Reese         Anthony Duclair          Matteson Iacopelli       20     1   2  2  
 4 Tyler Motte              Pius Suter               Sam Steel                10     1   2  2  

5 vs 5 Defense 
   Defense                  Defense                                           Time % Phy DF OF 
 1 Jarred Tinordi           Stefan Elliott                                    35     1   2  2  
 2 John Ramage              Ryan Murphy                                       30     1   2  2  
 3 Connor Carrick           Jonathan Racine                                   20     1   2  2  
 4 Xavier Ouellet           Max Lajoie                                        15     1   2  2  

PowerPlay Forward 
   Center                   Left Wing                Right Wing               Time % Phy DF OF 
 1 Drake Caggiula           Tomas Tatar              Dmitrij Jaskin           60     1   2  2  
 2 Jared McCann             Joseph Blandisi          Nick Cousins             40     1   2  2  

PowerPlay Defense
   Defense                  Defense                                           Time % Phy DF OF 
 1 Jarred Tinordi           Stefan Elliott                                    60     1   2  2  
 2 John Ramage              Ryan Murphy                                       40     1   2  2  

Penalty Kill 4 Players Forward 
   Center                   Wing                     Time % Phy DF OF 
 1 Drake Caggiula           Tomas Tatar              60     1   2  2  
 2 Jared McCann             Joseph Blandisi          40     1   2  2  

Penalty Kill 4 Players Defense
   Defense                  Defense                  Time % Phy DF OF 
 1 Jarred Tinordi           Stefan Elliott           60     1   2  2  
 2 John Ramage              Ryan Murphy              40     1   2  2  

Penalty Kill - 3 Players Forward 
   Forward                                           Time % Phy DF OF 
 1 Drake Caggiula                                    60     1   2  2  
 2 Jared McCann                                      40     1   2  2  

Penalty Kill - 3 Players Defense
   Defense                  Defense                  Time % Phy DF OF 
 1 Jarred Tinordi           Stefan Elliott           60     1   2  2  
 2 John Ramage              Ryan Murphy              40     1   2  2  

4 vs 4 Forward 
   Center                   Wing                     Time % Phy DF OF 
 1 Drake Caggiula           Tomas Tatar              60     1   2  2  
 2 Jared McCann             Joseph Blandisi          40     1   2  2  

4 vs 4 Defense
   Defense                  Defense                  Time % Phy DF OF 
 1 Jarred Tinordi           Stefan Elliott           60     1   2  2  
 2 John Ramage              Ryan Murphy              40     1   2  2  

Last Minutes Offensive
   Center                   Left Wing                Right Wing               Defense                  Defense                  
   Drake Caggiula           Tomas Tatar              Dmitrij Jaskin           Jarred Tinordi           Stefan Elliott           

Last Minutes Defensive
   Center                   Left Wing                Right Wing               Defense                  Defense                  
   Drake Caggiula           Tomas Tatar              Dmitrij Jaskin           Jarred Tinordi           Stefan Elliott           

Goaltenders
Starting : Marek Mazanek            
Backup : Adin Hill                

Extra Forwards
Normal : Drake Caggiula, Anthony Duclair, Jared McCann - PP : Drake Caggiula, Anthony Duclair - PK : Drake Caggiula
Extra Defensemen
Normal : Jonathan Racine, Xavier Ouellet, Max Lajoie - PP : Jonathan Racine - PK : Jonathan Racine, Xavier Ouellet
Penalty Shots
Tomas Tatar, Dmitrij Jaskin, Nick Cousins, Joseph Blandisi, Drake Caggiula

Scratches
Chris Calhan (Healthy), Daniel Carr (Dislocated Patella Injury), Dominik Kubalik (Healthy), Mark Friedman (Healthy), Michael Dal Colle (Healthy)
Keaton Middleton (Healthy), Pascal Laberge (Healthy), Antoine Bibeau (Healthy)

Thunderbirds

5 vs 5 Forward 
   Center                   Left Wing                Right Wing               Time % Phy DF OF 
 1 Quinton Howden           Kirill Kaprizov          Jerry D'Amigo            40     0   2  3  
 2 Elias Lindholm           Valentin Zykov           Tom Kuhnhackl            30     0   2  3  
 3 Mitchell Heard           Matt Puempel             Hudson Fasching          20     1   2  2  
 4 Tanner Laczynski         Artur Kayumov            Clayton Keller           10     0   2  3  

5 vs 5 Defense 
   Defense                  Defense                                           Time % Phy DF OF 
 1 Griffin Reinhart         Niklas Hansson                                    40     0   2  3  
 2 Michal Jordan            John Draeger                                      30     1   2  2  
 3 Viktor Baldayev          Jake Walman                                       20     1   2  2  
 4 Griffin Reinhart         Niklas Hansson                                    10     0   2  3  

PowerPlay Forward 
   Center                   Left Wing                Right Wing               Time % Phy DF OF 
 1 Quinton Howden           Kirill Kaprizov          Jerry D'Amigo            60     0   1  4  
 2 Elias Lindholm           Valentin Zykov           Tom Kuhnhackl            40     0   1  4  

PowerPlay Defense
   Defense                  Defense                                           Time % Phy DF OF 
 1 Griffin Reinhart         Niklas Hansson                                    60     0   2  3  
 2 Michal Jordan            John Draeger                                      40     0   2  3  

Penalty Kill 4 Players Forward 
   Center                   Wing                     Time % Phy DF OF 
 1 Quinton Howden           Tom Kuhnhackl            60     1   3  1  
 2 Elias Lindholm           Hudson Fasching          40     1   3  1  

Penalty Kill 4 Players Defense
   Defense                  Defense                  Time % Phy DF OF 
 1 John Draeger             Niklas Hansson           60     1   4  0  
 2 Griffin Reinhart         Michal Jordan            40     1   4  0  

Penalty Kill - 3 Players Forward 
   Forward                                           Time % Phy DF OF 
 1 Quinton Howden                                    60     1   3  1  
 2 Tom Kuhnhackl                                     40     1   3  1  

Penalty Kill - 3 Players Defense
   Defense                  Defense                  Time % Phy DF OF 
 1 John Draeger             Niklas Hansson           60     1   4  0  
 2 Griffin Reinhart         Michal Jordan            40     1   4  0  

4 vs 4 Forward 
   Center                   Wing                     Time % Phy DF OF 
 1 Quinton Howden           Kirill Kaprizov          60     0   2  3  
 2 Elias Lindholm           Valentin Zykov           40     0   2  3  

4 vs 4 Defense
   Defense                  Defense                  Time % Phy DF OF 
 1 Griffin Reinhart         Niklas Hansson           60     0   2  3  
 2 Michal Jordan            John Draeger             40     0   2  3  

Last Minutes Offensive
   Center                   Left Wing                Right Wing               Defense                  Defense                  
   Quinton Howden           Kirill Kaprizov          Jerry D'Amigo            Griffin Reinhart         Niklas Hansson           

Last Minutes Defensive
   Center                   Left Wing                Right Wing               Defense                  Defense                  
   Quinton Howden           Kirill Kaprizov          Jerry D'Amigo            John Draeger             Niklas Hansson           

Goaltenders
Starting : Igor Bobkov              
Backup : Artyom Zagidulin         

Extra Forwards
Normal : Elias Lindholm, Kirill Kaprizov, Valentin Zykov - PP : Tanner Laczynski, Jerry D'Amigo - PK : Kirill Kaprizov
Extra Defensemen
Normal : Michal Jordan, Griffin Reinhart, Niklas Hansson - PP : Jake Walman - PK : John Draeger, Niklas Hansson
Penalty Shots
Tanner Laczynski, Tom Kuhnhackl, Quinton Howden, Elias Lindholm, Valentin Zykov

Scratches
Austin Poganski (Healthy), Connor Honey (Healthy), Dmytro Timashov (Healthy), Keaton Thompson (Healthy), Kyle Platzer (Healthy)
Lukas Vejdemo (Healthy), Michael McCarron (Healthy), Nelson Nogier (Healthy), Nicklas Jensen (Healthy), Roberts Lipsbergs (Healthy)
Calvin Thurkauf (Healthy), Niklas Treutle (Healthy), Carter Hutton (Healthy)

% Time on Ice - Eagles

Lines # - Real PCT - Wanted PCT - Time Play
Normal Forward
1 - 35% - 40% - 15:14
2 - 26% - 30% - 11:08
3 - 22% - 20% - 9:24
4 - 17% - 10% - 7:17
Normal Defense
1 - 33% - 35% - 14:14
2 - 31% - 30% - 13:11
3 - 22% - 20% - 9:23
4 - 15% - 15% - 6:15
PP Forward
1 - 59% - 60% - 3:43
2 - 41% - 40% - 2:35
PP Defense
1 - 65% - 60% - 4:05
2 - 35% - 40% - 2:13
PK Forward
1 - 86% - 60% - 7:44
2 - 14% - 40% - 1:17
PK Defense
1 - 65% - 60% - 5:52
2 - 35% - 40% - 3:09
PK3 Forward
1 - 66% - 60% - 1:03
2 - 34% - 40% - 0:32
PK3 Defense
1 - 63% - 60% - 1:00
2 - 37% - 40% - 0:35
44 Forward
1 - 96% - 60% - 4:51
2 - 4% - 40% - 0:12
44 Defense
1 - 55% - 60% - 2:47
2 - 45% - 40% - 2:16
Last Minute Offensive  - 0:00
Last Minute Defensive  - 0:00
Total
Forward - 65:00
Defense - 65:00

% Time on Ice - Thunderbirds

Lines # - Real PCT - Wanted PCT - Time Play
Normal Forward
1 - 28% - 40% - 12:11
2 - 28% - 30% - 12:01
3 - 25% - 20% - 10:45
4 - 19% - 10% - 8:06
Normal Defense
1 - 40% - 40% - 17:15
2 - 31% - 30% - 13:24
3 - 24% - 20% - 10:27
4 - 5% - 10% - 1:57
PP Forward
1 - 53% - 60% - 4:46
2 - 47% - 40% - 4:15
PP Defense
1 - 46% - 60% - 4:08
2 - 54% - 40% - 4:53
PK Forward
1 - 82% - 60% - 5:11
2 - 18% - 40% - 1:07
PK Defense
1 - 61% - 60% - 3:52
2 - 39% - 40% - 2:26
PK3 Forward
1 - 100% - 60% - 0:16
2 - 0% - 40% - 0:00
PK3 Defense
1 - 100% - 60% - 0:16
2 - 0% - 40% - 0:00
44 Forward
1 - 89% - 60% - 5:40
2 - 11% - 40% - 0:42
44 Defense
1 - 55% - 60% - 3:32
2 - 45% - 40% - 2:50
Last Minute Offensive  - 0:00
Last Minute Defensive  - 0:00
Total
Forward - 65:00
Defense - 65:00

Play-by-Play

1st period


0:01 of 1st period - Quinton Howden wins face-off versus Drake Caggiula in neutral zone.
0:50 of 1st period - Snap shot by Anthony Duclair.
0:50 of 1st period - Shot Misses the Net.
1:18 of 1st period - Wrist shot by Tyler Motte.
1:18 of 1st period - Shot Blocked by Michal Jordan.
1:42 of 1st period - Slapshot by Joseph Blandisi.
1:42 of 1st period - Shot Misses the Net.
1:51 of 1st period - Off-side.
1:52 of 1st period - Drake Caggiula wins face-off versus Quinton Howden in neutral zone.
2:29 of 1st period - Snap shot by Valentin Zykov.
2:29 of 1st period - Stopped by Marek Mazanek with a rebound.
2:47 of 1st period - Slapshot by Griffin Reinhart.
2:47 of 1st period - Stopped by Marek Mazanek without a rebound.
2:48 of 1st period - Quinton Howden wins face-off versus Drake Caggiula in Eagles zone.
3:18 of 1st period - Snap shot by Tomas Tatar.
3:18 of 1st period - Shot Misses the Net.
3:20 of 1st period - Snap shot by Drake Caggiula.
3:20 of 1st period - Goal by Drake Caggiula - Eagles : 1 - Thunderbirds : 0.
3:21 of 1st period - Quinton Howden wins face-off versus Jared McCann in neutral zone.
3:51 of 1st period - Slapshot by Elias Lindholm.
3:51 of 1st period - Shot Blocked by Tomas Tatar.
4:23 of 1st period - Matt Puempel is hit by Tyler Motte and loses puck.
4:24 of 1st period - Matt Puempel from Thunderbirds is injured at 4:24 of 1st period (Right Knee).
4:25 of 1st period - Quinton Howden wins face-off versus Joseph Blandisi in Thunderbirds zone.
4:52 of 1st period - Stefan Elliott is hit by Elias Lindholm and loses puck.
4:59 of 1st period - Wrist shot by Dmitrij Jaskin.
4:59 of 1st period - Shot Blocked by Elias Lindholm.
5:15 of 1st period - Wrist shot by Kirill Kaprizov.
5:15 of 1st period - Shot Misses the Net.
5:21 of 1st period - Griffin Reinhart is hit by John Ramage and loses puck.
5:35 of 1st period - Off-side.
5:36 of 1st period - Jared McCann wins face-off versus Tanner Laczynski in neutral zone.
6:01 of 1st period - Stefan Elliott is hit by Mitchell Heard and loses puck.
6:46 of 1st period - Wrist shot by Anthony Duclair.
6:46 of 1st period - Stopped by Igor Bobkov without a rebound.
6:47 of 1st period - Zach Aston-Reese wins face-off versus Tanner Laczynski in Thunderbirds zone.
6:50 of 1st period - Backhand shot by Matteson Iacopelli.
6:50 of 1st period - Shot Blocked by Niklas Hansson.
6:52 of 1st period - Slapshot by Ryan Murphy.
6:52 of 1st period - Stopped by Igor Bobkov with a rebound.
6:54 of 1st period - Slapshot by John Ramage.
6:54 of 1st period - Stopped by Igor Bobkov with a rebound.
7:02 of 1st period - Wrist shot by Anthony Duclair.
7:02 of 1st period - Goal by Anthony Duclair - Eagles : 2 - Thunderbirds : 0.
7:03 of 1st period - Tomas Tatar wins face-off versus Quinton Howden in neutral zone.
8:01 of 1st period - Wrist shot by Jared McCann.
8:01 of 1st period - Stopped by Igor Bobkov without a rebound.
8:02 of 1st period - Drake Caggiula wins face-off versus Elias Lindholm in Thunderbirds zone.
8:07 of 1st period - Snap shot by Dmitrij Jaskin.
8:07 of 1st period - Shot Misses the Net.
8:09 of 1st period - Slapshot by Jonathan Racine.
8:09 of 1st period - Shot Blocked by Jake Walman.
8:11 of 1st period - Snap shot by Dmitrij Jaskin.
8:11 of 1st period - Stopped by Igor Bobkov without a rebound.
8:12 of 1st period - Tom Kuhnhackl wins face-off versus Drake Caggiula in Thunderbirds zone.
8:23 of 1st period - Snap shot by Valentin Zykov.
8:23 of 1st period - Shot Blocked by Jarred Tinordi.
9:03 of 1st period - Snap shot by Tom Kuhnhackl.
9:03 of 1st period - Stopped by Marek Mazanek with a rebound.
9:08 of 1st period - Icing by Dmitrij Jaskin.
9:09 of 1st period - Quinton Howden wins face-off versus Drake Caggiula in Eagles zone.
9:49 of 1st period - Snap shot by Nick Cousins.
9:49 of 1st period - Stopped by Igor Bobkov without a rebound.
9:50 of 1st period - Nick Cousins wins face-off versus Artur Kayumov in Thunderbirds zone.
10:05 of 1st period - Michal Jordan is hit by Joseph Blandisi and loses puck.
10:22 of 1st period - Wrist shot by Quinton Howden.
10:22 of 1st period - Stopped by Marek Mazanek with a rebound.
10:24 of 1st period - Slapshot by John Draeger.
10:24 of 1st period - Stopped by Marek Mazanek without a rebound.
10:25 of 1st period - Tyler Motte wins face-off versus Elias Lindholm in Eagles zone.
10:25 of 1st period - Tyler Motte is hit by Tom Kuhnhackl.
10:58 of 1st period - Snap shot by Quinton Howden.
10:58 of 1st period - Shot Blocked by Jared McCann.
11:00 of 1st period - Slapshot by Niklas Hansson.
11:00 of 1st period - Deflect By Connor Carrick.
11:00 of 1st period - Stopped by Marek Mazanek without a rebound.
11:01 of 1st period - Elias Lindholm wins face-off versus Drake Caggiula in Eagles zone.
11:10 of 1st period - Backhand shot by Valentin Zykov.
11:10 of 1st period - Shot Misses the Net.
11:12 of 1st period - Slapshot by Tom Kuhnhackl.
11:12 of 1st period - Deflect By Valentin Zykov.
11:12 of 1st period - Shot Misses the Net.
11:12 of 1st period - Puck is out of play.
11:13 of 1st period - Zach Aston-Reese wins face-off versus Quinton Howden in Eagles zone.
11:13 of 1st period - Zach Aston-Reese is hit by Quinton Howden.
11:18 of 1st period - Minor Penalty to Griffin Reinhart for Tripping.
11:19 of 1st period - Drake Caggiula wins face-off versus Quinton Howden in Thunderbirds zone.
11:19 of 1st period - Wrist shot by Tomas Tatar.
11:19 of 1st period - Stopped by Igor Bobkov without a rebound.
11:20 of 1st period - Drake Caggiula wins face-off versus Quinton Howden in Thunderbirds zone.
12:23 of 1st period - Tomas Tatar is hit by Niklas Hansson and loses puck.
13:18 of 1st period - Penalty to Griffin Reinhart is over, Griffin Reinhart is back on ice.
13:24 of 1st period - Wrist shot by Griffin Reinhart.
13:24 of 1st period - Shot Blocked by Pius Suter.
13:46 of 1st period - Slapshot by Griffin Reinhart.
13:46 of 1st period - Stopped by Marek Mazanek with a rebound.
13:56 of 1st period - Slapshot by Hudson Fasching.
13:56 of 1st period - Shot Misses the Net.
14:42 of 1st period - Wrist shot by Anthony Duclair.
14:42 of 1st period - Goal by Anthony Duclair - Eagles : 3 - Thunderbirds : 0.
14:43 of 1st period - Drake Caggiula wins face-off versus Quinton Howden in neutral zone.
14:46 of 1st period - Snap shot by Drake Caggiula.
14:46 of 1st period - Shot Misses the Net.
14:48 of 1st period - Slapshot by Jarred Tinordi.
14:48 of 1st period - Stopped by Igor Bobkov without a rebound.
14:49 of 1st period - Quinton Howden wins face-off versus Drake Caggiula in Thunderbirds zone.
15:11 of 1st period - John Draeger is hit by Tomas Tatar and loses puck.
15:26 of 1st period - Slapshot by Stefan Elliott.
15:26 of 1st period - Stopped by Igor Bobkov with a rebound.
15:36 of 1st period - Slapshot by Quinton Howden.
15:36 of 1st period - Shot Blocked by Stefan Elliott.
15:48 of 1st period - Wrist shot by Dmitrij Jaskin.
15:48 of 1st period - Shot Misses the Net.
15:50 of 1st period - Snap shot by Tomas Tatar.
15:50 of 1st period - Stopped by Igor Bobkov with a rebound.
15:52 of 1st period - Snap shot by Tomas Tatar.
15:52 of 1st period - Shot Misses the Net.
16:31 of 1st period - Snap shot by Kirill Kaprizov.
16:31 of 1st period - Stopped by Marek Mazanek with a rebound.
16:43 of 1st period - Snap shot by Tomas Tatar.
16:43 of 1st period - Shot Misses the Net.
16:45 of 1st period - Snap shot by Dmitrij Jaskin.
16:45 of 1st period - Shot Blocked by John Draeger.
16:47 of 1st period - Wrist shot by Jarred Tinordi.
16:47 of 1st period - Stopped by Igor Bobkov without a rebound.
16:48 of 1st period - Jared McCann wins face-off versus Mitchell Heard in Thunderbirds zone.
16:55 of 1st period - Backhand shot by Joseph Blandisi.
16:55 of 1st period - Stopped by Igor Bobkov with a rebound.
16:57 of 1st period - Wrist shot by Jared McCann.
16:57 of 1st period - Stopped by Igor Bobkov without a rebound.
16:58 of 1st period - Elias Lindholm wins face-off versus Jared McCann in Thunderbirds zone.
16:58 of 1st period - Elias Lindholm is hit by Jonathan Racine.
17:03 of 1st period - Off-side.
17:04 of 1st period - Jared McCann wins face-off versus Mitchell Heard in neutral zone.
17:38 of 1st period - Wrist shot by Mitchell Heard.
17:38 of 1st period - Goal by Mitchell Heard - Eagles : 3 - Thunderbirds : 1.
17:39 of 1st period - Tanner Laczynski wins face-off versus Jared McCann in neutral zone.
17:50 of 1st period - Wrist shot by Tanner Laczynski.
17:50 of 1st period - Stopped by Marek Mazanek with a rebound.
Goals for this period are 3 for Eagles vs 1 for Thunderbirds.
Shots for this period are 16 for Eagles vs 10 for Thunderbirds.

2nd period


0:01 of 2nd period - Jerry D'Amigo wins face-off versus Jared McCann in neutral zone.
0:09 of 2nd period - Minor Penalty to Quinton Howden for Hooking.
0:10 of 2nd period - Drake Caggiula wins face-off versus Kirill Kaprizov in Thunderbirds zone.
1:49 of 2nd period - Joseph Blandisi is hit by Valentin Zykov and loses puck.
2:09 of 2nd period - Penalty to Quinton Howden is over, Quinton Howden is back on ice.
3:44 of 2nd period - Nick Cousins is hit by Michal Jordan and loses puck.
4:07 of 2nd period - Zach Aston-Reese is hit by Jake Walman and loses puck.
4:20 of 2nd period - Tomas Tatar is hit by Jerry D'Amigo and loses puck.
4:52 of 2nd period - Connor Carrick is hit by Valentin Zykov and loses puck.
5:11 of 2nd period - Anthony Duclair is hit by Michal Jordan and loses puck.
5:50 of 2nd period - Snap shot by Sam Steel.
5:50 of 2nd period - Shot Misses the Net.
5:54 of 2nd period - Snap shot by Tyler Motte.
5:54 of 2nd period - Stopped by Igor Bobkov with a rebound.
5:56 of 2nd period - Snap shot by Sam Steel.
5:56 of 2nd period - Shot Blocked by Niklas Hansson.
6:12 of 2nd period - Zach Aston-Reese is hit by Clayton Keller and loses puck.
7:05 of 2nd period - Jake Walman is hit by Sam Steel and loses puck.
7:16 of 2nd period - Kirill Kaprizov is hit by Anthony Duclair and loses puck.
7:24 of 2nd period - Icing by Viktor Baldayev.
7:25 of 2nd period - Drake Caggiula wins face-off versus Quinton Howden in Thunderbirds zone.
7:28 of 2nd period - Slapshot by Dmitrij Jaskin.
7:28 of 2nd period - Stopped by Igor Bobkov without a rebound.
7:29 of 2nd period - Elias Lindholm wins face-off versus Drake Caggiula in Thunderbirds zone.
8:47 of 2nd period - Wrist shot by Ryan Murphy.
8:47 of 2nd period - Stopped by Igor Bobkov without a rebound.
8:48 of 2nd period - Mitchell Heard wins face-off versus Drake Caggiula in Thunderbirds zone.
8:48 of 2nd period - Mitchell Heard is hit by Dmitrij Jaskin.
9:16 of 2nd period - Tom Kuhnhackl is hit by Stefan Elliott and loses puck.
9:39 of 2nd period - Snap shot by Anthony Duclair.
9:39 of 2nd period - Deflect By Zach Aston-Reese.
9:39 of 2nd period - Shot Misses the Net.
9:39 of 2nd period - Puck is out of play.
9:40 of 2nd period - Elias Lindholm wins face-off versus Drake Caggiula in Thunderbirds zone.
9:45 of 2nd period - Snap shot by Tomas Tatar.
9:45 of 2nd period - Shot Blocked by Michal Jordan.
9:47 of 2nd period - Snap shot by Drake Caggiula.
9:47 of 2nd period - Stopped by Igor Bobkov without a rebound.
9:48 of 2nd period - Elias Lindholm wins face-off versus Drake Caggiula in Thunderbirds zone.
9:53 of 2nd period - Slapshot by Valentin Zykov.
9:53 of 2nd period - Shot Blocked by Tomas Tatar.
10:13 of 2nd period - Slapshot by Valentin Zykov.
10:13 of 2nd period - Stopped by Marek Mazanek without a rebound.
10:14 of 2nd period - Quinton Howden wins face-off versus Jared McCann in Eagles zone.
10:23 of 2nd period - Backhand shot by Stefan Elliott.
10:23 of 2nd period - Deflect By Jared McCann.
10:23 of 2nd period - Shot Misses the Net.
10:23 of 2nd period - Puck is out of play.
10:24 of 2nd period - Drake Caggiula wins face-off versus Quinton Howden in Thunderbirds zone.
10:25 of 2nd period - Slapshot by Tomas Tatar.
10:25 of 2nd period - Shot Misses the Net.
10:51 of 2nd period - Slapshot by Stefan Elliott.
10:51 of 2nd period - Stopped by Igor Bobkov with a rebound.
10:53 of 2nd period - Snap shot by Jared McCann.
10:53 of 2nd period - Shot Misses the Net.
10:55 of 2nd period - Wrist shot by Jarred Tinordi.
10:55 of 2nd period - Deflect By Jared McCann.
10:55 of 2nd period - Shot Blocked by Michal Jordan.
10:55 of 2nd period - Puck is out of play.
10:56 of 2nd period - Jared McCann wins face-off versus Elias Lindholm in Thunderbirds zone.
11:08 of 2nd period - Slapshot by Griffin Reinhart.
11:08 of 2nd period - Deflect By Valentin Zykov.
11:08 of 2nd period - Shot Blocked by Jared McCann.
11:08 of 2nd period - Puck is out of play.
11:09 of 2nd period - Quinton Howden wins face-off versus Drake Caggiula in Eagles zone.
11:41 of 2nd period - Wrist shot by Elias Lindholm.
11:41 of 2nd period - Shot Blocked by Jared McCann.
12:01 of 2nd period - Jarred Tinordi is hit by Michal Jordan and loses puck.
12:12 of 2nd period - Snap shot by Tanner Laczynski.
12:12 of 2nd period - Shot Blocked by Jarred Tinordi.
12:14 of 2nd period - Slapshot by Jake Walman.
12:14 of 2nd period - Deflect By Artur Kayumov.
12:14 of 2nd period - Stopped by Marek Mazanek with a rebound.
12:50 of 2nd period - Wrist shot by Tyler Motte.
12:50 of 2nd period - Shot Hit the Post.
13:20 of 2nd period - Hudson Fasching is hit by Jonathan Racine and loses puck.
13:46 of 2nd period - Off-side.
13:47 of 2nd period - Quinton Howden wins face-off versus Drake Caggiula in neutral zone.
13:50 of 2nd period - Slapshot by Griffin Reinhart.
13:50 of 2nd period - Stopped by Marek Mazanek without a rebound.
13:51 of 2nd period - Drake Caggiula wins face-off versus Tom Kuhnhackl in Eagles zone.
14:09 of 2nd period - Minor Penalty to Tom Kuhnhackl for Tripping.
14:10 of 2nd period - Drake Caggiula wins face-off versus Quinton Howden in Thunderbirds zone.
14:30 of 2nd period - Minor Penalty to Tomas Tatar for Elbowing.
14:31 of 2nd period - Drake Caggiula wins face-off versus Quinton Howden in Eagles zone.
14:31 of 2nd period - Drake Caggiula is hit by Quinton Howden.
14:37 of 2nd period - Snap shot by Quinton Howden.
14:37 of 2nd period - Shot Blocked by Jarred Tinordi.
14:39 of 2nd period - Snap shot by Quinton Howden.
14:39 of 2nd period - Shot Blocked by Stefan Elliott.
14:41 of 2nd period - Slapshot by Quinton Howden.
14:41 of 2nd period - Deflect By Kirill Kaprizov.
14:41 of 2nd period - Stopped by Marek Mazanek without a rebound.
14:42 of 2nd period - Drake Caggiula wins face-off versus Quinton Howden in Eagles zone.
14:49 of 2nd period - Snap shot by Drake Caggiula.
14:49 of 2nd period - Stopped by Igor Bobkov with a rebound.
14:57 of 2nd period - Wrist shot by Anthony Duclair.
14:57 of 2nd period - Shot Hit the Post.
15:25 of 2nd period - Snap shot by Elias Lindholm.
15:25 of 2nd period - Shot Misses the Net.
15:27 of 2nd period - Snap shot by Niklas Hansson.
15:27 of 2nd period - Shot Misses the Net.
15:29 of 2nd period - Slapshot by Griffin Reinhart.
15:29 of 2nd period - Shot Misses the Net.
16:09 of 2nd period - Penalty to Tom Kuhnhackl is over, Tom Kuhnhackl is back on ice.
16:30 of 2nd period - Penalty to Tomas Tatar is over, Tomas Tatar is back on ice.
17:25 of 2nd period - Minor Penalty to Xavier Ouellet for Tripping.
17:26 of 2nd period - Drake Caggiula wins face-off versus Quinton Howden in Eagles zone.
17:55 of 2nd period - Wrist shot by Valentin Zykov.
17:55 of 2nd period - Stopped by Marek Mazanek with a rebound.
18:07 of 2nd period - Jared McCann is hit by Griffin Reinhart.
18:13 of 2nd period - Slapshot by Ryan Murphy.
18:13 of 2nd period - Stopped by Igor Bobkov with a rebound.
18:31 of 2nd period - Valentin Zykov is hit by Drake Caggiula and loses puck.
19:11 of 2nd period - Drake Caggiula is hit by Elias Lindholm and loses puck.
19:25 of 2nd period - Penalty to Xavier Ouellet is over, Xavier Ouellet is back on ice.
19:49 of 2nd period - Kirill Kaprizov is hit by Connor Carrick and loses puck.
19:55 of 2nd period - Icing by Mitchell Heard.
19:56 of 2nd period - Mitchell Heard wins face-off versus Jared McCann in Thunderbirds zone.
Goals for this period are 0 for Eagles vs 0 for Thunderbirds.
Shots for this period are 7 for Eagles vs 5 for Thunderbirds.

3rd period


0:01 of 3rd period - Quinton Howden wins face-off versus Drake Caggiula in neutral zone.
0:08 of 3rd period - Wrist shot by Quinton Howden.
0:08 of 3rd period - Stopped by Marek Mazanek without a rebound.
0:09 of 3rd period - Drake Caggiula wins face-off versus Quinton Howden in Eagles zone.
0:09 of 3rd period - Drake Caggiula is hit by Griffin Reinhart.
0:12 of 3rd period - Minor Penalty to Dmitrij Jaskin for Interference.
0:13 of 3rd period - Drake Caggiula wins face-off versus Quinton Howden in Eagles zone.
0:23 of 3rd period - Drake Caggiula is hit by Niklas Hansson and loses puck.
2:12 of 3rd period - Penalty to Dmitrij Jaskin is over, Dmitrij Jaskin is back on ice.
2:24 of 3rd period - Slapshot by John Ramage.
2:24 of 3rd period - Shot Misses the Net.
3:12 of 3rd period - Minor Penalty to Tyler Motte for Hooking.
3:13 of 3rd period - Elias Lindholm wins face-off versus Drake Caggiula in Eagles zone.
3:16 of 3rd period - Wrist shot by Valentin Zykov.
3:16 of 3rd period - Stopped by Marek Mazanek without a rebound.
3:17 of 3rd period - Elias Lindholm wins face-off versus Drake Caggiula in Eagles zone.
3:20 of 3rd period - Snap shot by Elias Lindholm.
3:20 of 3rd period - Stopped by Marek Mazanek with a rebound.
3:32 of 3rd period - Snap shot by Valentin Zykov.
3:32 of 3rd period - Goal by Valentin Zykov - Eagles : 3 - Thunderbirds : 2.
3:33 of 3rd period - Quinton Howden wins face-off versus Drake Caggiula in neutral zone.
3:47 of 3rd period - Backhand shot by Niklas Hansson.
3:47 of 3rd period - Deflect By Stefan Elliott.
3:47 of 3rd period - Stopped by Marek Mazanek with a rebound.
3:49 of 3rd period - Slapshot by Griffin Reinhart.
3:49 of 3rd period - Shot Misses the Net.
4:23 of 3rd period - Wrist shot by Tyler Motte.
4:23 of 3rd period - Shot Misses the Net.
4:35 of 3rd period - Slapshot by Ryan Murphy.
4:35 of 3rd period - Shot Misses the Net.
4:42 of 3rd period - Icing by Valentin Zykov.
4:43 of 3rd period - Zach Aston-Reese wins face-off versus Quinton Howden in Thunderbirds zone.
5:49 of 3rd period - Griffin Reinhart is hit by Pius Suter and loses puck.
6:27 of 3rd period - Wrist shot by Elias Lindholm.
6:27 of 3rd period - Stopped by Marek Mazanek with a rebound.
6:41 of 3rd period - Wrist shot by Anthony Duclair.
6:41 of 3rd period - Stopped by Igor Bobkov with a rebound.
7:10 of 3rd period - Minor Penalty to Artur Kayumov for Hooking.
7:11 of 3rd period - Drake Caggiula wins face-off versus Quinton Howden in Thunderbirds zone.
7:12 of 3rd period - Snap shot by Dmitrij Jaskin.
7:12 of 3rd period - Shot Blocked by Niklas Hansson.
7:14 of 3rd period - Snap shot by Tomas Tatar.
7:14 of 3rd period - Stopped by Igor Bobkov without a rebound.
7:15 of 3rd period - Quinton Howden wins face-off versus Drake Caggiula in Thunderbirds zone.
7:15 of 3rd period - Quinton Howden is hit by Drake Caggiula.
7:27 of 3rd period - Snap shot by Tomas Tatar.
7:27 of 3rd period - Shot Misses the Net.
7:49 of 3rd period - Dmitrij Jaskin is hit by Niklas Hansson and loses puck.
9:00 of 3rd period - Matteson Iacopelli is hit by Quinton Howden and loses puck.
9:10 of 3rd period - Penalty to Artur Kayumov is over, Artur Kayumov is back on ice.
10:17 of 3rd period - Connor Carrick is hit by Valentin Zykov and loses puck.
10:22 of 3rd period - Wrist shot by Valentin Zykov.
10:22 of 3rd period - Shot Misses the Net.
11:08 of 3rd period - Slapshot by Anthony Duclair.
11:08 of 3rd period - Shot Misses the Net.
11:20 of 3rd period - Snap shot by Tyler Motte.
11:20 of 3rd period - Shot Hit the Post.
11:43 of 3rd period - Off-side.
11:44 of 3rd period - Tyler Motte wins face-off versus Elias Lindholm in neutral zone.
11:51 of 3rd period - Slapshot by Stefan Elliott.
11:51 of 3rd period - Deflect By Pius Suter.
11:51 of 3rd period - Shot Misses the Net.
11:51 of 3rd period - Puck is out of play.
11:52 of 3rd period - Quinton Howden wins face-off versus Drake Caggiula in Thunderbirds zone.
12:06 of 3rd period - Slapshot by Kirill Kaprizov.
12:06 of 3rd period - Stopped by Marek Mazanek with a rebound.
12:08 of 3rd period - Wrist shot by Jerry D'Amigo.
12:08 of 3rd period - Shot Misses the Net.
12:24 of 3rd period - Valentin Zykov is hit by Joseph Blandisi and loses puck.
12:54 of 3rd period - Minor Penalty to Anthony Duclair for Roughing.
12:55 of 3rd period - Drake Caggiula wins face-off versus Quinton Howden in Eagles zone.
13:03 of 3rd period - Slapshot by Michal Jordan.
13:03 of 3rd period - Shot Misses the Net.
13:05 of 3rd period - Wrist shot by Quinton Howden.
13:05 of 3rd period - Stopped by Marek Mazanek with a rebound.
13:07 of 3rd period - Slapshot by Quinton Howden.
13:07 of 3rd period - Shot Misses the Net.
13:09 of 3rd period - Slapshot by Michal Jordan.
13:09 of 3rd period - Stopped by Marek Mazanek without a rebound.
13:10 of 3rd period - Drake Caggiula wins face-off versus Quinton Howden in Eagles zone.
13:10 of 3rd period - Drake Caggiula is hit by Griffin Reinhart.
14:24 of 3rd period - Griffin Reinhart is hit by Joseph Blandisi and loses puck.
14:54 of 3rd period - Penalty to Anthony Duclair is over, Anthony Duclair is back on ice.
15:05 of 3rd period - Snap shot by Tanner Laczynski.
15:05 of 3rd period - Stopped by Marek Mazanek with a rebound.
15:07 of 3rd period - Wrist shot by Tanner Laczynski.
15:07 of 3rd period - Stopped by Marek Mazanek with a rebound.
15:09 of 3rd period - Snap shot by Clayton Keller.
15:09 of 3rd period - Goal by Clayton Keller - Eagles : 3 - Thunderbirds : 3.
15:10 of 3rd period - Zach Aston-Reese wins face-off versus Quinton Howden in neutral zone.
15:25 of 3rd period - Slapshot by Quinton Howden.
15:25 of 3rd period - Stopped by Marek Mazanek without a rebound.
15:26 of 3rd period - Tomas Tatar wins face-off versus Mitchell Heard in Eagles zone.
16:25 of 3rd period - Snap shot by Nick Cousins.
16:25 of 3rd period - Stopped by Igor Bobkov with a rebound.
16:37 of 3rd period - Slapshot by Michal Jordan.
16:37 of 3rd period - Deflect By Clayton Keller.
16:37 of 3rd period - Stopped by Marek Mazanek with a rebound.
16:51 of 3rd period - Minor Penalty to Drake Caggiula for Tripping.
16:52 of 3rd period - Jared McCann wins face-off versus Quinton Howden in Eagles zone.
18:49 of 3rd period - Ryan Murphy is hit by Quinton Howden and loses puck.
18:51 of 3rd period - Penalty to Drake Caggiula is over, Drake Caggiula is back on ice.
19:35 of 3rd period - Minor Penalty to Dmitrij Jaskin for Tripping.
19:36 of 3rd period - Jared McCann wins face-off versus Kirill Kaprizov in Eagles zone.
19:41 of 3rd period - Kirill Kaprizov is hit by Stefan Elliott and loses puck.
Goals for this period are 0 for Eagles vs 2 for Thunderbirds.
Shots for this period are 3 for Eagles vs 14 for Thunderbirds.

Overtime #1


0:01 of 1st overtime period - Quinton Howden wins face-off versus Drake Caggiula in neutral zone.
0:55 of 1st overtime period - Wrist shot by Valentin Zykov.
0:55 of 1st overtime period - Shot Misses the Net.
1:35 of 1st overtime period - Penalty to Dmitrij Jaskin is over, Dmitrij Jaskin is back on ice.
1:37 of 1st overtime period - Snap shot by Dmitrij Jaskin.
1:37 of 1st overtime period - Stopped by Igor Bobkov with a rebound.
1:39 of 1st overtime period - Snap shot by Jared McCann.
1:39 of 1st overtime period - Stopped by Igor Bobkov without a rebound.
1:40 of 1st overtime period - Quinton Howden wins face-off versus Drake Caggiula in Thunderbirds zone.
1:40 of 1st overtime period - Quinton Howden is hit by Tomas Tatar.
2:17 of 1st overtime period - Valentin Zykov is hit by Jared McCann and loses puck.
4:43 of 1st overtime period - Minor Penalty to Mitchell Heard for Hooking.
4:44 of 1st overtime period - Quinton Howden wins face-off versus Drake Caggiula in Thunderbirds zone.
Goals for this period are 0 for Eagles vs 0 for Thunderbirds.
Shots for this period are 2 for Eagles vs 0 for Thunderbirds.

ShootOut


5:00 of 1st overtime period - Round #1.
5:00 of 1st overtime period - Eagles, Tomas Tatar.
5:00 of 1st overtime period - Snap shot by Tomas Tatar.
5:00 of 1st overtime period - Stopped by Igor Bobkov.
5:00 of 1st overtime period - Thunderbirds, Tanner Laczynski.
5:00 of 1st overtime period - Deke by Tanner Laczynski.
5:00 of 1st overtime period - Goal by Tanner Laczynski.
5:00 of 1st overtime period - Round #2.
5:00 of 1st overtime period - Eagles, Dmitrij Jaskin.
5:00 of 1st overtime period - Deke by Dmitrij Jaskin.
5:00 of 1st overtime period - Shot Misses the Net.
5:00 of 1st overtime period - Thunderbirds, Tom Kuhnhackl.
5:00 of 1st overtime period - Deke by Tom Kuhnhackl.
5:00 of 1st overtime period - Shot Misses the Net.
5:00 of 1st overtime period - Round #3.
5:00 of 1st overtime period - Eagles, Nick Cousins.
5:00 of 1st overtime period - Snap shot by Nick Cousins.
5:00 of 1st overtime period - Goal by Nick Cousins.
5:00 of 1st overtime period - Thunderbirds, Quinton Howden.
5:00 of 1st overtime period - Deke by Quinton Howden.
5:00 of 1st overtime period - Stopped by Marek Mazanek.
5:00 of 1st overtime period - Round #4.
5:00 of 1st overtime period - Eagles, Joseph Blandisi.
5:00 of 1st overtime period - Snap shot by Joseph Blandisi.
5:00 of 1st overtime period - Stopped by Igor Bobkov.
5:00 of 1st overtime period - Thunderbirds, Elias Lindholm.
5:00 of 1st overtime period - Snap shot by Elias Lindholm.
5:00 of 1st overtime period - Shot Misses the Net.
5:00 of 1st overtime period - Round #5.
5:00 of 1st overtime period - Eagles, Drake Caggiula.
5:00 of 1st overtime period - Deke by Drake Caggiula.
5:00 of 1st overtime period - Goal by Drake Caggiula.
5:00 of 1st overtime period - Thunderbirds, Valentin Zykov.
5:00 of 1st overtime period - Wrist shot by Valentin Zykov.
5:00 of 1st overtime period - Goal by Valentin Zykov.
5:00 of 1st overtime period - Round #6.
5:00 of 1st overtime period - Eagles, Anthony Duclair.
5:00 of 1st overtime period - Snap shot by Anthony Duclair.
5:00 of 1st overtime period - Goal by Anthony Duclair.
5:00 of 1st overtime period - Thunderbirds, Jerry D'Amigo.
5:00 of 1st overtime period - Backhand shot by Jerry D'Amigo.
5:00 of 1st overtime period - Goal by Jerry D'Amigo.
5:00 of 1st overtime period - Round #7.
5:00 of 1st overtime period - Eagles, Jared McCann.
5:00 of 1st overtime period - Snap shot by Jared McCann.
5:00 of 1st overtime period - Stopped by Igor Bobkov.
5:00 of 1st overtime period - Thunderbirds, Michal Jordan.
5:00 of 1st overtime period - Backhand shot by Michal Jordan.
5:00 of 1st overtime period - Shot Misses the Net.
5:00 of 1st overtime period - Round #8.
5:00 of 1st overtime period - Eagles, Pius Suter.
5:00 of 1st overtime period - Wrist shot by Pius Suter.
5:00 of 1st overtime period - Goal by Pius Suter.
5:00 of 1st overtime period - Thunderbirds, Hudson Fasching.
5:00 of 1st overtime period - Wrist shot by Hudson Fasching.
5:00 of 1st overtime period - Goal by Hudson Fasching.
5:00 of 1st overtime period - Round #9.
5:00 of 1st overtime period - Eagles, Zach Aston-Reese.
5:00 of 1st overtime period - Deke by Zach Aston-Reese.
5:00 of 1st overtime period - Stopped by Igor Bobkov.
5:00 of 1st overtime period - Thunderbirds, Kirill Kaprizov.
5:00 of 1st overtime period - Snap shot by Kirill Kaprizov.
5:00 of 1st overtime period - Stopped by Marek Mazanek.
5:00 of 1st overtime period - Round #10.
5:00 of 1st overtime period - Eagles, Jarred Tinordi.
5:00 of 1st overtime period - Deke by Jarred Tinordi.
5:00 of 1st overtime period - Stopped by Igor Bobkov.
5:00 of 1st overtime period - Thunderbirds, Artur Kayumov.
5:00 of 1st overtime period - Snap shot by Artur Kayumov.
5:00 of 1st overtime period - Goal by Artur Kayumov. Output by the SimonT Hockey Simulator (STHS) for Francois Prevost - Original Page W3C HTML5 Valid
Hockey Simulator - Hockey Simulation - Hockey Manager